Description

This build uses Battlecruiser with a familiar opening.

VOD

https://youtu.be/9klmQ75YNMQ

Replay - TvT

Build Order

Get SALT Encoding   

  12  0:01  SCV  
  13  0:13  SCV  
  14  0:18  Supply Depot  
  14  0:25  SCV  
  15  0:30  Refinery  
  15  0:39  SCV  
  16  0:46  Barracks  
  16  0:51  SCV  
  17  0:57  Refinery  
  17  1:03  SCV  
  18  1:15  SCV  
  19  1:32  Orbital Command  
  19  1:34  Reaper  
  19  1:38  Factory  
  20  1:47  Supply Depot  
  20  1:58  SCV  
  21  2:06  Reaper  
  22  2:10  SCV  
  23  2:22  Hellion  
  25  2:23  SCV  
  26  2:31  Command Center  
  26  2:39  Starport  
  26  2:42  Reaper  
  27  2:49  Supply Depot  
  28  2:56  Hellion  
  31  3:16  Refinery  
  31  3:19  Barracks Reactor  
  31  3:21  Fusion Core, Factory Tech Lab  
  32  3:28  Starport Tech Lab  
  33  3:44  Cyclone  
  36  3:50  Orbital Command  
  38  4:16  Marine x2  
  48  4:33  Supply Depot  
  48  4:36  Cyclone  
  53  4:48  Marine  
  53  4:49  Supply Depot  
  54  4:54  Marine  
  57  5:06  Command Center  
Spawning Tool Build Advisor. Get it on Overwolf

Analysis

At the end of the last patch, players are using a wide range of openings that converge to the same Raven and Viking build. Whatever mainstream builds you used in the last patch for TvT are still the metagame builds. This build starts with a familiar three Reapers and two Hellions opening. It is easier to expect the common variations when you play against this opening, so the Battlecruiser has an element of surprise.

This build is featured in the December 2019 Metagame Build Order entry on TerranCraft.com.

Go to:

Details

Become a Patron
  • Created by: Maxilicious  
  • Published on: Dec 31, 2019
  • Patch: 4.11.0
Show
View Real Time Build Order
Export as new Build Order

Comments (3)

On March 16, 2022, 11:01 a.m., MaxPaxFanBoY  said:

Hey! Im a Random Player around plat 3 - diamond 3 playing both solo and teams.
I've tried this build in every matchup.
I think TvP is the worst matchup for the build becouse Protoss always go voidrays on my level.
Really good buildorder.
//<Chariz> Wolverine

On Aug. 5, 2020, 1:17 p.m., BetaDre  said:

dude seriously, is anybody gonna fix this stuff? this site is littered with problems, the slightest thing in a build order screws everything up.

On Feb. 16, 2020, 2:25 a.m., donnsc2  said:

its missing one thing... the fucking battlecruiser lol

Create an account to comment!